 Dungeon Crawl Stone Soup version 0.30.0-29-ga12c61a403 (webtiles) character file.

Game seed: 14464870572725563039

959 MacCMillion the Reanimator (level 7, -2/49 HPs)
             Began as a Mummy Necromancer on June 18, 2023.
             Slain by a wight
             ... wielding a +0 mace
              (9 damage)
             ... on level 6 of the Dungeon.
             The game lasted 00:09:56 (7388 turns).

MacCMillion the Reanimator (Mummy Necromancer)      Turns: 7388, Time: 00:09:57

Health: -2/49      AC:  4    Str: 12    XL:     7   Next: 92%
Magic:  16/16      EV: 12    Int: 20    God:
Gold:   67         SH:  0    Dex: 12    Spells: 14/18 levels left

rFire   x . .        k - +2 dagger (venom)
rCold   + . .        (no shield)
rNeg    + + +        a - +0 robe
rPois   ∞            o - +0 helmet of the King of the Hill {Rampage *Slow Will++ Int+4}
rElec   .            (no cloak)
rCorr   .            (no gloves)
SInv    .            j - +0 pair of boots
Will    +++..        (no amulet)
Stlth   ++           g - ring of willpower
HPRegen 0.28/turn    (no ring)
MPRegen 0.15/turn

%: slow self (1%), rampage, faith
@: no status effects
A: cold resistance 1, negative energy resistance 3, torment resistance 2, heat
vulnerability 1, in touch with death 1, no potions, faith
a: no special abilities


You were on level 6 of the Dungeon.
You visited 2 branches of the dungeon, and saw 7 of its levels.

You collected 371 gold pieces.
You spent 304 gold pieces at shops.

Inventory:

Hand Weapons
 k - a +2 dagger of venom (weapon)
Armour
 a - a +0 robe (worn)
 j - a +0 pair of boots (worn)
 o - the +0 helmet of the King of the Hill (worn) {Rampage *Slow Will++ Int+4}
   (You bought it in a shop on level 5 of the Dungeon)

   Int:       It affects your intelligence (+4).
   *Slow:     It may slow you when you take damage.
   Rampage:   It bestows one free step when moving towards enemies.
   Will:      It greatly increases your willpower.
Magical Staves
 e - a staff of death
Jewellery
 g - a ring of willpower (left hand)
 l - an amulet of reflection
Scrolls
 b - 8 scrolls of identify {unknown}
 c - a scroll of brand weapon {unknown}
 d - 4 scrolls of immolation {unknown}
 f - 3 scrolls of teleportation {unknown}
 h - 2 scrolls of amnesia {unknown}
 i - a scroll of enchant weapon {unknown}
 m - 2 scrolls of vulnerability {unknown}
 n - 2 scrolls of blinking {unknown}


   Skills:
 + Level 1.9 Fighting
 + Level 2.4 Dodging
 - Level 1.5 Stealth
 - Level 6.0 Spellcasting
 + Level 8.3 Necromancy


You had 14 spell levels left.
You knew the following spells:

 Your Spells              Type           Power      Damage    Failure   Level
a - Necrotise             Necr           100%       1d9       1%          1
b - Vampiric Draining     Necr           56%        2d10      1%          3

Your spell library contained the following spells:

 Spells                   Type           Power      Damage    Failure   Level
 Animate Dead             Necr           56%        N/A       3%          4
 Agony                    Necr           56%        N/A       10%         5
 Magic Dart               Conj           24%        1d4       11%         1
 Call Imp                 Summ           12%        N/A       16%         2
 Mephitic Cloud           Conj/Pois/Air  6%         N/A       30%         3


Dungeon Overview and Level Annotations

Branches:
Dungeon (6/15)             Temple (1/1) D:4

Altars:
Ashenzari
Dithmenos
Gozag
Hepliaklqana
Makhleb
Nemelex Xobeh
Okawaru
Ru
Sif Muna
Trog
Wu Jian
Xom
Yredelemnul

Shops:
D:5 [


Innate Abilities, Weirdness & Mutations

You are immune to poison.
Your flesh is cold resistant. (rC+)
You are immune to negative energy. (rN+++)
You are immune to unholy pain and torment.
You are vulnerable to heat. (rF-)
You are in touch with the powers of death.
You do not drink.
You have a special connection with the divine. (Faith)


Message History

The wight hits you with a +0 mace.
You hit the wight.
The wight is heavily damaged.
The wight barely misses you.
You barely miss the wight.
The wight is heavily damaged.
The wight misses you.
You closely miss the wight.
The wight is heavily damaged.
The wight hits you with a +0 mace!
You closely miss the wight.
The wight is heavily damaged.
The wight hits you with a +0 mace!
You are too injured to fight recklessly!
You are too injured to fight recklessly!
You are too injured to fight recklessly!
You hit the wight but do no damage.
The wight is heavily damaged.
The wight hits you with a +0 mace!
You hit the wight but do no damage.
The wight is heavily damaged.
The wight hits you with a +0 mace.
* * * LOW HITPOINT WARNING * * *
You closely miss the wight.
The wight is heavily damaged.
The wight hits you with a +0 mace!
* * * LOW HITPOINT WARNING * * *
You barely miss the wight.
The wight is moderately damaged.
The wight hits you but does no damage.
You barely miss the wight.
The wight is moderately damaged.
The wight barely misses you.
You barely miss the wight.
The wight is moderately damaged.
The wight barely misses you.
You closely miss the wight.
The wight is moderately damaged.
The wight hits you with a +0 mace!
You die...

#####
#########...#
#...@z......#
#.#######...#
#.# ##.## #.#
#.# #.# #.#
#.# #.# > #.#
#.###.... #.#
#...z.).. #.#
#####....


You could see a wight.

Vanquished Creatures
  A black bear (D:5)
  An ogre (D:5)
  A phantom (D:5)
  A bullfrog (D:6)
  A scorpion (D:4)
  A howler monkey (D:5)
  3 hounds
  2 orc priests
  2 gnoll boudas
  2 iguanas (D:5)
  2 orc wizards (D:4)
  11 gnolls
  4 adders
  2 ufetubi
  2 worms (D:3)
  7 orcs
  4 ball pythons
  4 bats
  4 endoplasms
  2 giant cockroaches
  4 goblins
  4 hobgoblins
  4 jackals (D:1)
  3 quokkas
  2 frilled lizards
  10 kobolds
  A rat (D:1)
85 creatures vanquished.

Vanquished Creatures (collateral kills)
  A gnoll (D:5)
  2 adders
  A jackal (D:1)
4 creatures vanquished.

Grand Total: 89 creatures vanquished

Notes
Turn   | Place    | Note
-------+----------+-------------------------------------------
     0 | D:1      | MacCMillion the Mummy Necromancer began the quest for the
                  | Orb.
     0 | D:1      | Reached XP level 1. HP: 13/13 MP: 4/4
   504 | D:1      | Reached XP level 2. HP: 19/19 MP: 3/6
  1213 | D:1      | Found a faded altar of an unknown god.
  1677 | D:2      | Found a shadowy altar of Dithmenos.
  1807 | D:2      | Gained mutation: You are in touch with the powers of death.
                  | [Mummy growth]
  1807 | D:2      | Reached XP level 3. HP: 24/24 MP: 5/8
  1937 | D:2      | Learned a level 3 spell: Vampiric Draining
  2600 | D:3      | Found an opulent altar of Gozag.
  3281 | D:3      | Reached XP level 4. HP: 28/30 MP: 1/10
  3780 | D:4      | Reached skill level 5 in Necromancy
  4224 | D:4      | Reached skill level 5 in Spellcasting
  4224 | D:4      | Reached XP level 5. HP: 25/35 MP: 5/12
  4564 | D:4      | Reached XP level 6. HP: 32/41 MP: 10/14
  4577 | D:4      | Reached skill level 6 in Necromancy
  5001 | D:4      | Found a staircase to the Ecumenical Temple.
  5010 | Temple   | Entered the Ecumenical Temple
  5213 | D:5      | Entered Level 5 of the Dungeon
  5319 | D:5      | Found a shimmering blue altar of Sif Muna.
  5399 | D:5      | Reached skill level 7 in Necromancy
  5399 | D:5      | Reached XP level 7. HP: 38/46 MP: 8/16
  5459 | D:5      | Found Xeorphai's Antique Armour Shop.
  5473 | D:5      | Bought a warped helmet for 304 gold pieces
  5473 | D:5      | Identified the +0 helmet of the King of the Hill {Rampage
                  | *Slow Will++ Int+4} (You bought it in a shop on level 5 of
                  | the Dungeon)
  5916 | D:5      | Reached skill level 8 in Necromancy
  6393 | D:5      | Found a bloodstained altar of Trog.
  6753 | D:5      | Reached skill level 1 in Fighting
  7217 | D:6      | Found a hazy altar of Hepliaklqana.
  7388 | D:6      | Slain by a wight

Illustrated notes

Levels and vault maps discovered:
D:1:      dpeg_arrival_simpleton_a, layout_loops_corners,
          shapermc_ecumenical_altar_petra, corexii_leaking_fountain
D:2:      layout_basic, basic_altar, minmay_strange_pillars, grunt_ministairs_1,
          kennysheep_crisscross
D:3:      layout_basic, mainiacjoe_overflow_six_doors_small,
          chequers_serial_rivers_room_b, minmay_statues_item,
          hangedman_decor_points
D:4:      layout_rooms, minmay_temple_entry_slanted, skrybe_limestone_x,
          minmay_starry_boxes
D:5:      layout_rooms, lemuel_tele_altar, kennysheep_mini, serial_shops,
          nicolae_shop_window_shopping, serial_bayou_lake_a
D:6:      layout_loops_ring, mainiacjoe_overflow_boulevard,
          hangedman_decor_clover_reticule
Temple:   nicolae_temple_ecumenical_triangle

Skill      XL: |  1  2  3  4  5  6  7 |
---------------+----------------------+-----
Spellcasting   | 3 4 5 6 |  6.0
Necromancy     | 5 7 8 |  8.3
Fighting       | 1 |  1.9
Dodging        | 2 |  2.4
Stealth        | |  1.5

Action                     |  1- 3 |  4- 6 |  7- 9 || total
---------------------------+-------+-------+-------++-------
  Melee: Dagger            |    12 |    12 |    59 ||    83
   Cast: Necrotise         |    97 |    83 |    33 ||   213
   Stab: Sleeping          |       |       |     2 ||     2
 Armour: Robe              |     2 |     9 |    14 ||    25
  Dodge: Dodged            |    21 |    28 |    44 ||    93
